 Dungeon Crawl Stone Soup version 0.31-a0-876-gfe8ebadbca (webtiles) character file.

Game seed: 15679369509609034345

337 CowFu the Trooper (level 6, 0/67 HPs)
             Began as an Ogre Fighter on Oct 13, 2023.
             Slain by a scorpion (6 damage)
             ... on level 3 of the Dungeon.
             The game lasted 00:03:15 (3286 turns).

CowFu the Trooper (Ogre Fighter)                    Turns: 3286, Time: 00:03:16

Health: 0/67       AC:  7    Str: 23    XL:     6   Next: 54%
Magic:  6/6        EV:  9    Int:  9    God:
Gold:   140        SH:  8    Dex:  8    Spells: 5/5 levels left

rFire   . . .        a - +0 flail
rCold   . . .        c - +0 kite shield
rNeg    + . .        n - +1 robe {rN+}
rPois   +            (helmet restricted)
rElec   .            m - +2 cloak "Lyogil" {rPois SInv}
rCorr   .            (gloves unavailable)
SInv    +            (boots unavailable)
Will    .....        (no amulet)
Stlth   +            (no ring)
HPRegen 0.31/turn    (no ring)
MPRegen 0.10/turn

%: no passive effects
@: no status effects
A: large, unfitting armour, tough skin 1
a: no special abilities


You were on level 3 of the Dungeon.
You visited 1 branch of the dungeon, and saw 4 of its levels.

You collected 140 gold pieces.

Inventory:

Hand Weapons
 a - a +0 flail (weapon)
Armour
 c - a +0 kite shield (worn)
 m - the +2 cloak "Lyogil" (worn) {rPois SInv}
   (You found it on level 2 of the Dungeon)

   rPois:     It protects you from poison SInv: It lets you see invisible.
 n - a +1 robe of positive energy (worn)
Jewellery
 l - a ring of willpower
Wands
 p - a wand of mindburst (11)
Scrolls
 e - a scroll of enchant armour {unknown}
 g - a scroll of revelation {unknown}
 i - a scroll of enchant weapon {unknown}
 k - a scroll of poison {unknown}
 o - 2 scrolls of identify {unknown}
Potions
 f - a potion of magic
 j - a potion of enlightenment {unknown}


   Skills:
 + Level 5.8 Fighting
 + Level 3.3 Maces & Flails
 + Level 3.9 Dodging
 + Level 4.3 Shields


You had 5 spell levels left.
You didn't know any spells.
Your spell library contained the following spells:

 Spells                   Type           Power      Damage    Failure   Level
 Cigotuvi's Dreadful Rot  Necr/Pois/Air  0%         N/A       78%         2
 Inner Flame              Hex/Fire       0%         N/A       95%         3
 Dispel Undead            Necr           0%         3d6       100%        4
 Flame Wave               Conj/Fire      0%         2d4       100%        4
 Sticky Flame             Conj/Fire      0%         2d3       100%        4
 Death Channel            Necr           0%         N/A       100%        6


Dungeon Overview and Level Annotations

Branches:
Dungeon (4/15)
 Temple: D:4-7

Altars:
Uskayaw

Annotations:
D:3 1 transporter


Innate Abilities, Weirdness & Mutations

You are too large for most types of armour.
You have tough skin. (AC +1)


Message History

You feel sick. You block the scorpion's attack.
The orc hits you but does no damage.
You feel sick. The scorpion closely misses you. The scorpion barely misses you.
There is an escape hatch in the ceiling here.
You feel sick. You block the scorpion's attack.
A mysterious force pulls you upwards. The hatch slams shut behind you.
Level annotation: 1 transporter You feel sick.
You are no longer poisoned.
You hit the orc priest but do no damage.
The scorpion closely misses you.
The orc priest casts a cantrip, but nothing happens.
You block the orc's attack. The scorpion barely misses you.
You hit the orc priest but do no damage.
You block the orc priest's attack. The orc hits you with a +0 falchion.
* * * LOW HITPOINT WARNING * * *
The scorpion stings you.
* * * LOW HITPOINT WARNING * * *
The orc priest hits you but does no damage.
You block the orc's attack.
You barely miss the orc priest. The scorpion misses you.
You block the orc priest's attack. You block the orc's attack.
The scorpion closely misses you.
You hit the orc priest.
The orc priest is lightly wounded.
The scorpion barely misses you. The orc priest barely misses you.
You block the orc's attack.
You barely miss the orc priest.
The orc priest is lightly wounded.
The scorpion stings you.
* * * LOW HITPOINT WARNING * * *
The orc priest hits you but does no damage.
You block the orc's attack. The scorpion barely misses you.
The orc priest hits you but does no damage.
You hit the orc priest but do no damage.
The orc priest is lightly wounded.
The orc hits you with a +0 falchion.
* * * LOW HITPOINT WARNING * * *
The scorpion stings you.
You die...

###########
#>........########
##................
########..#......
#.........
#.##......
#########.##..^...
#.o.....#.####....
#@o.....#.# #####
#s........# #
#.######### #
#.#######
#.##....#
#.##....# #######
#....<..####......
###...............
#.....####......


You could see a scorpion, an orc priest and an orc.

Vanquished Creatures
  A black bear (D:4)
  2 hounds (D:4)
  A jelly (D:4)
  An orc wizard (D:3)
  7 adders
  5 orcs (D:3)
  4 endoplasms
  3 giant cockroaches (D:2)
  8 goblins
  5 hobgoblins
  6 jackals (D:2)
  4 quokkas
  4 ball pythons
  4 bats
  13 kobolds
68 creatures vanquished.

Notes
Turn   | Place    | Note
-------+----------+-------------------------------------------
     0 | D:1      | CowFu the Ogre Fighter began the quest for the Orb.
     0 | D:1      | Reached XP level 1. HP: 24/24 MP: 1/1
   164 | D:1      | Reached XP level 2. HP: 28/32 MP: 2/2
   993 | D:2      | Reached XP level 3. HP: 35/40 MP: 3/3
  1383 | D:2      | Identified the +2 cloak "Lyogil" {rPois SInv}
  1807 | D:3      | Reached XP level 4. HP: 43/49 MP: 4/4
  1916 | D:3      | Found a transporter.
  1924 | D:3      | Found a transporter.
  2111 | D:3      | Reached skill level 5 in Fighting
  2111 | D:3      | Reached XP level 5. HP: 51/57 MP: 5/5
  2231 | D:3      | Noticed a +0 dagger
  2231 | D:3      | Noticed a +0 falchion
  2232 | D:3      | Noticed a +0 falchion
  2232 | D:3      | Noticed a +0 spear
  2232 | D:3      | Noticed a +0 short sword
  2233 | D:3      | Noticed a +0 short sword
  2233 | D:3      | Noticed a +0 dagger
  2236 | D:3      | Noticed a +0 spear
  2244 | D:3      | Found a hide-covered altar of Uskayaw.
  2775 | D:4      | Noticed a black bear
  2782 | D:4      | Killed a black bear
  2783 | D:4      | Reached XP level 6. HP: 54/66 MP: 6/6
  3275 | D:4      | HP: 1/67 [orc priest/divine providence (17)]
  3286 | D:3      | Slain by a scorpion

Illustrated notes

Levels and vault maps discovered:
D:1:      evilmike_arrival_rings, layout_loops_ring, item_on_display_a
D:2:      layout_loops_corners
D:3:      gammafunk_wand_slinger, layout_basic, nicolae_uskayaw_en_pointe
D:4:      layout_basic

Skill      XL: |  1  2  3  4  5 |
---------------+----------------+-----
Maces & Flails | 2 3 |  3.3
Dodging        | 3 |  3.9
Fighting       | 5 |  5.8
Shields        | 4 |  4.3

Action                     |  1- 3 |  4- 6 || total
---------------------------+-------+-------++-------
  Melee: Flail             |   134 |   130 ||   264
    Use: Potion            |       |     3 ||     3
         Scroll            |       |     1 ||     1
 Armour: Robe              |    69 |   123 ||   192
  Dodge: Dodged            |    68 |    77 ||   145
  Block: Kite shield       |    60 |    80 ||   140

Table legend: (Time is in decaauts)
 A = Elapsed time spent in this place.
 B = Non-inter-level travel time spent in this place.
 C = Inter-level travel time spent in this place.
 D = Time resting spent in this place.
 E = Time spent auto-exploring this place.
 F = Levels seen in this place.
 G = Mean time per level.
                   A        B        C        D        E       F      G
               +--------+--------+--------+--------+--------+-----+--------+
         Total |   3390 |   3226 |    164 |      0 |   2589 |   4 |  847.5 |
       Dungeon |   3390 |   3226 |    164 |      0 |   2589 |   4 |  847.5 |
               +--------+--------+--------+--------+--------+-----+--------+

Top non-repeatable levels by time:
     D:2: 1073 daAuts
     D:3: 1043 daAuts
     D:1: 750 daAuts
     D:4: 524 daAuts
